 Dungeon Crawl Stone Soup version 0.26.1-11-gd32895ea62 (webtiles) character file.

Game seed: 130170599473475233

251 Arcadio the Ducker (level 6, -5/43 HPs)
             Began as a Merfolk Transmuter on May 19, 2021.
             Was an Initiate of Cheibriados.
             Slain by an ogre
             ... wielding a +0 giant club
              (16 damage)
             ... on level 4 of the Dungeon on May 20, 2021.
             The game lasted 00:10:57 (6159 turns).

Arcadio the Ducker (Merfolk Transmuter)             Turns: 6159, Time: 00:10:57

Health: -5/43      AC:  5    Str: 13    XL:     6   Next: 13%
Magic:  9/9        EV: 14    Int: 14    God:    Cheibriados [......]
Gold:   205        SH:  0    Dex: 15    Spells: 3/9 levels left

rFire    . . .     SeeInvis .   d - +1 dagger (venom)
rCold    . . .     Faith    .   (no shield)
rNeg     + . .     Spirit   .   n - +0 leather armour {rN+}
rPois    .         Reflect  .   l - +0 helmet
rElec    .         Harm     .   (no cloak)
rCorr    .         Rampage  .   q - +0 pair of gloves
Will     .....                  (no boots)
Stlth    +.........             (no amulet)
HPRegen  0.14/turn              j - ring of wizardry
MPRegen  0.11/turn              (no ring)

@: about to teleport, very slow
A: change form in water, swift swim, stealthy swim
a: Renounce Religion, Bend Time


You were on level 4 of the Dungeon.
You worshipped Cheibriados.
Cheibriados was noncommittal.
You visited 1 branch of the dungeon, and saw 4 of its levels.

You collected 205 gold pieces.

Inventory:

Hand Weapons
 d - a +1 dagger of venom (weapon)
Armour
 a - a +0 robe
 b - a +0 leather armour
 l - a +0 helmet (worn)
 m - a +0 pair of boots
 n - a +0 leather armour of positive energy (worn)
 q - a +0 pair of gloves (worn)
Jewellery
 j - a ring of wizardry (left hand)
 p - an uncursed ring of wizardry
Wands
 o - a wand of polymorph (7)
 t - a wand of paralysis (7)
Scrolls
 f - 4 scrolls of remove curse
 h - 3 scrolls of identify
 i - a scroll of enchant weapon {unknown}
 k - 2 scrolls of fog {unknown}
 r - 2 scrolls of magic mapping {unknown}
 s - a scroll of noise {unknown}
Potions
 c - a potion of curing
 u - a potion of haste {unknown}


   Skills:
 - Level 1.1 Fighting
 + Level 5.2 Dodging
 + Level 4.9 Unarmed Combat
 - Level 2.0 Spellcasting
 + Level 5.1 Transmutations
 + Level 0.5 Invocations


You had 3 spell levels left.
You knew the following spells:

 Your Spells              Type           Power        Failure   Level
a - Beastly Appendage     Tmut           30%          1%          1
b - Wereblood             Tmut           15%          2%          2
c - Spider Form           Tmut/Pois      4%           13%         3

Your spell library contained the following spells:

 Spells                   Type           Power        Failure   Level
 Ice Form                 Ice/Tmut       8%           38%         4
 Blade Hands              Tmut           7%           38%         5


Dungeon Overview and Level Annotations

Branches:
Dungeon (4/15)
 Temple: D:4-7

Altars:
Cheibriados
Nemelex Xobeh
The Shining One


Message History

You fail to use your ability.
The ogre misses you. The flow of time bends around you.
The ogre resists with some effort.
The ogre hits you with a +0 giant club!!
Ouch! That really hurt!
* * * LOW HITPOINT WARNING * * *
You are confused.
You feel invigorated.
Okay, then.
You are too confused!
The ogre closely misses you. The ogre barely misses you.
You bump into the crystal wall.
You feel less invigorated.
You feel less confused.
The ogre hits you with a +0 giant club!!
Ouch! That really hurt!
* * * LOW HITPOINT WARNING * * *
The ogre barely misses you.
As you read the scroll of teleportation, it crumbles to dust.
You feel strangely unstable. The ogre hits you with a +0 giant club!
You die...

######### #.......# #..
....# ####.####..# ###
#.......#..############..
#.##....#................
####.#.....#..############..
#......_..O@..# #..
#..#.....#.#### #..
#..#....##.########### #..
#..#(......##........# #..
#..####.#####........# ##'
#.......#####........# #.
#.##.................######.
#...........................
####.........#####'#########


You could see an ogre.

Vanquished Creatures
  A howler monkey (D:4)
  A hound (D:4)
  A bullfrog skeleton (D:4)
  Jessica (D:2)
  Robin (D:2)
  3 gnolls (D:3)
  An ufetubus (D:2)
  A dart slug (D:4)
  4 leopard geckos
  An orc (D:3)
  2 giant cockroaches (D:1)
  16 goblins
  10 hobgoblins
  10 jackals
  3 ball pythons
  5 bats
  2 frilled lizards
  6 kobolds
  5 rats
74 creatures vanquished.

Notes
Turn   | Place    | Note
-------+----------+-------------------------------------------
     0 | D:1      | Arcadio the Merfolk Transmuter began the quest for the Orb.
     0 | D:1      | Reached XP level 1. HP: 15/15 MP: 3/3
    64 | D:1      | Reached XP level 2. HP: 14/21 MP: 3/5
   251 | D:1      | Learned a level 2 spell: Wereblood
   572 | D:1      | HP: 1/21 [poisoned by a kobold]
  1162 | D:1      | Reached XP level 3. HP: 26/26 MP: 4/6
  1907 | D:2      | Found a glowing golden altar of the Shining One.
  2806 | D:2      | Noticed Jessica
  2814 | D:2      | Killed Jessica
  2815 | D:2      | Reached XP level 4. HP: 28/32 MP: 5/7
  3550 | D:3      | Noticed Robin
  4303 | D:2      | Killed Robin
  4304 | D:2      | Reached XP level 5. HP: 18/37 MP: 6/8
  5765 | D:4      | Learned a level 3 spell: Spider Form
  5797 | D:4      | Reached skill level 5 in Dodging
  6034 | D:4      | Found a snail-covered altar of Cheibriados.
  6046 | D:4      | Became a worshipper of Cheibriados the Contemplative
  6097 | D:4      | Found a sparkling altar of Nemelex Xobeh.
  6127 | D:4      | Noticed an ogre
  6129 | D:4      | Reached skill level 5 in Transmutations
  6129 | D:4      | Reached XP level 6. HP: 27/43 MP: 9/9
  6159 | D:4      | Slain by an ogre

Illustrated notes

Levels and vault maps discovered:
D:1:      denvon_arrival_planthouse, layout_basic
D:2:      minmay_diamond_boxcup, layout_basic, lemuel_doored_altar, uniq_jessica
D:3:      layout_rooms, uniq_robin
D:4:      layout_basic, kennysheep_slug_shrine, nicolae_overflow_crystal_walls,
          ebering_ghost_disaster_area, uniq_pikel, uniq_edmund

Skill      XL: |  1  2  3  4  5 |
---------------+----------------+-----
Dodging        | 3 4 5 |  5.2
Transmutations | 3 4 5 |  5.1
Unarmed Combat | 4 |  4.9
Fighting       | |  1.1
Spellcasting   | |  2.0
Invocations    | |  0.5

Action                   |  1- 3 |  4- 6 || total
-------------------------+-------+-------++-------
Melee: Unarmed           |    34 |       ||    34
       Headbutt          |    12 |    10 ||    22
       Dagger            |    54 |   127 ||   181
 Cast: Beastly Appendage |    18 |    20 ||    38
       Wereblood         |       |     1 ||     1
Invok: Bend Time         |       |     2 ||     2
  Use: Scroll            |       |     6 ||     6
       Potion            |       |     2 ||     2
 Stab: Sleeping          |     1 |       ||     1
Armor: Robe              |    12 |       ||    12
       Leather armour    |       |    35 ||    35
Dodge: Dodged            |    83 |   143 ||   226
